 Dungeon Crawl Stone Soup version 0.31-a0-408-gb642c7f9a3 (webtiles) character file.

Game seed: 3384395494952990462

36 quinnr the Gusty (level 3, 0/19 HPs)
             Began as a Tengu Air Elementalist on July 29, 2023.
             Slain by Natasha (5 damage)
             ... on level 2 of the Dungeon.
             The game lasted 00:03:46 (1459 turns).

quinnr the Gusty (Tengu Air Elementalist)           Turns: 1459, Time: 00:03:46

Health: 0/19       AC:  2    Str:  8    XL:     3   Next: 37%
Magic:  4/7        EV: 13    Int: 17    God:
Gold:   68         SH:  0    Dex: 20    Spells: 5/6 levels left

rFire   . . .        h - +3 whip
rCold   . . .        (no shield)
rNeg    . . .        a - +0 robe
rPois   .            (helmet restricted)
rElec   .            (no cloak)
rCorr   .            (no gloves)
SInv    .            (boots unavailable)
Will    .....        (no amulet)
Stlth   ++           D - +6 ring of dexterity
HPRegen 0.23/turn    (no ring)
MPRegen 0.10/turn

%: no passive effects
@: no status effects
A: beak, talons 3
a: no special abilities


You were on level 2 of the Dungeon.
You visited 1 branch of the dungeon, and saw 2 of its levels.

You collected 68 gold pieces.


Innate Abilities, Weirdness & Mutations

You have a beak for a mouth.
You have claws for feet.


   Skills:
 - Level 2.1 Dodging
 - Level 2.0 Stealth
 - Level 2.0 Spellcasting
 - Level 1.3 Conjurations
 + Level 5.8 Air Magic


You had 5 spell levels left.
You knew the following spells:

 Your Spells              Type           Power      Damage    Failure   Level
z - Shock                 Conj/Air       52%        1d6       4%          1

Your spell library contained the following spells:

 Spells                   Type           Power      Damage    Failure   Level
 Swiftness                Air            21%        N/A       5%          3
 Static Discharge         Conj/Air       26%        2-4/arc   7%          2
 Airstrike                Air            10%        2d(2-18)  17%         4
 Summon Small Mammal      Summ           4%         N/A       19%         1
 Dazzling Flash           Conj/Hex       8%         N/A       41%         3
 Call Canine Familiar     Summ           1%         N/A       50%         3
 Summon Guardian Golem    Hex/Summ       1%         N/A       50%         3
 Silence                  Hex/Air        5%         N/A       86%         5
 Agony                    Necr           1%         N/A       99%         5

Inventory:

Hand Weapons
 h - a +3 whip (weapon)
Missiles
 f - a throwing net {=f}
Armour
 a - a +0 robe (worn)
Jewellery
 D - a +6 ring of dexterity (left hand)
Scrolls
 c - a scroll of fog {unknown}
 d - a scroll of poison {unknown}
 g - 2 scrolls of identify {unknown}
 i - a scroll of teleportation {unknown}
 j - a scroll of enchant weapon {unknown}
Potions
 b - a potion of magic
 e - a potion of heal wounds {unknown}

Dungeon Overview and Level Annotations

Branches:
Dungeon (2/15)

Altars:

Shops:
D:1 =

Annotations:
D:1 fly-vault (scroll)
D:2 Jessica, Natasha

######### .#
........#######.
......h....##..
.###..#.##.##.#
.###..#.##.##.##
...............# .
.###..#.##†##..# ...
.###..#.##.##..####..###
...........##..h@.......
........######.#########
.######## ##.## .#
#...#### .# #......# ..
#...##.#
......###.#.##.##..
.....##...........
....##..#.##.##..


You could see Natasha.


Message History

* * * LOW HITPOINT WARNING * * *
Casting: Shock (safe; 4% risk of failure)
Confirm with . or Enter, or press ? or * to list all spells.
Aiming: Shock (safe; 4% risk of failure)
Press: ? - help, Shift-Dir - straight line, f/p - Natasha
Aim: Natasha, carrying a wand of flame (lightly wounded, 60% to hit)
The zap misses Natasha.
The zap hits Natasha.
Natasha is heavily wounded.
Natasha barely misses you.
Unknown command.
Casting: Shock (safe; 4% risk of failure)
Confirm with . or Enter, or press ? or * to list all spells.
Aiming: Shock (safe; 4% risk of failure)
Press: ? - help, Shift-Dir - straight line, f/p - Natasha
Aim: Natasha, carrying a wand of flame (heavily wounded, 60% to hit)
The zap hits Natasha.
Natasha is heavily wounded.
The zap hits Natasha.
Natasha is severely wounded.
Natasha claws you but does no damage.
Unknown command.
Casting: Shock (safe; 4% risk of failure)
Confirm with . or Enter, or press ? or * to list all spells.
Aiming: Shock (safe; 4% risk of failure)
Press: ? - help, Shift-Dir - straight line, f/p - Natasha
Aim: Natasha, carrying a wand of flame (severely wounded, 60% to hit)
The zap hits Natasha.
Natasha is severely wounded.
The zap misses Natasha.
Natasha claws you.
You die...

Skill      XL: |  1  2 |
---------------+-------+-----
Air Magic      | 5 |  5.8
Dodging        | |  2.1
Stealth        | |  2.0
Spellcasting   | |  2.0
Conjurations   | |  1.3

Action                     || total
---------------------------++-------
  Melee: Unarmed           ||     2
         Kick              ||     1
   Cast: Shock             ||    53
 Armour: Robe              ||     3
  Dodge: Dodged            ||    12

Levels and vault maps discovered:
D:1:      grunt_arrival_lava_bath, layout_basic, nicolae_shop_unique_rings
D:2:      layout_loops_cross, minmay_crystal_water, grunt_ministairs_14,
          chequers_serial_rivers_large_b, uniq_natasha, uniq_robin, uniq_jessica

Notes
Turn   | Place    | Note
-------+----------+-------------------------------------------
     0 | D:1      | quinnr the Tengu Air Elementalist began the quest for the
                  | Orb.
     0 | D:1      | Reached XP level 1. HP: 10/10 MP: 4/4
   280 | D:1      | Found Xoiro's One-of-a-Kind Rings.
   457 | D:1      | Reached XP level 2. HP: 15/15 MP: 3/6
   626 | D:1      | Reached skill level 5 in Air Magic
  1231 | D:2      | Reached XP level 3. HP: 19/19 MP: 1/7
  1325 | D:2      | Noticed Jessica
  1429 | D:2      | Noticed Natasha
  1459 | D:2      | Slain by Natasha

Vanquished Creatures
  An adder (D:2)
  2 dart slugs (D:1)
  3 endoplasms
  A goblin (D:1)
  A hobgoblin (D:1)
  A ball python (D:1)
  5 bats
  3 frilled lizards (D:1)
  4 kobolds
  4 rats (D:1)
25 creatures vanquished.

Table legend: (Time is in decaauts)
 A = Elapsed time spent in this place.
 B = Non-inter-level travel time spent in this place.
 C = Inter-level travel time spent in this place.
 D = Time resting spent in this place.
 E = Time spent auto-exploring this place.
 F = Levels seen in this place.
 G = Mean time per level.
                   A        B        C        D        E       F      G
               +--------+--------+--------+--------+--------+-----+--------+
         Total |   1458 |   1445 |     13 |    116 |   1163 |   2 |  729.0 |
       Dungeon |   1458 |   1445 |     13 |    116 |   1163 |   2 |  729.0 |
               +--------+--------+--------+--------+--------+-----+--------+

Top non-repeatable levels by time:
     D:1: 1221 daAuts
     D:2: 237 daAuts

Table legend:
 A = Non-vault XP
 B = Vault XP
 C = Vault XP percentage of total XP
 D = Non-vault monster count
 E = Vault monster count
 F = Vault count percentage of total count
                 A         B        C        D         E       F
            +---------+---------+-------+---------+---------+-------
      Total |      52 |       0 |   0.0 |      25 |       0 |   0.0
            +---------+---------+-------+---------+---------+-------
        D:1 |      32 |       0 |   0.0 |      20 |       0 |   0.0
        D:2 |      20 |       0 |   0.0 |       5 |       0 |   0.0
            +---------+---------+-------+---------+---------+-------

Levels and vault maps discovered:
D:1:      grunt_arrival_lava_bath, layout_basic, nicolae_shop_unique_rings
D:2:      layout_loops_cross, minmay_crystal_water, grunt_ministairs_14,
          chequers_serial_rivers_large_b, uniq_natasha, uniq_robin, uniq_jessica
